Map: Mech Depot LE

Players

FrostGt - Winner!

  • Race: Terran Terran
  • League: Master
  • Spawn Location: 1:00

llllllllllll

  • Race: Protoss Protoss
  • League: Master
  • Spawn Location: 7:00

VOD

Have the link to the VOD?

Description

1v1 vs pussy barcode aka gosu_pvp

Time

  • Played on: Aug. 14, 2017, 3:47 p.m.
  • Length: 32:39
Show
View Real Time Build Order
Export as new Build Order

FrostGt Terran - Winner!

Build Orders: Mech 

Get SALT Encoding   

  12  0:01  SCV  
  13  0:13  SCV  
  14  0:17  Supply Depot  
  14  0:25  SCV  
  15  0:32  Refinery  
  15  0:39  SCV  
  16  0:45  Barracks  
  16  0:51  SCV  
  17  1:03  SCV  
  18  1:16  SCV  
  19  1:31  Orbital Command  
  19  1:32  Marine  
  20  1:40  Factory  
  20  1:49  Supply Depot  
  20  1:56  Barracks Reactor  
  20  1:57  SCV  
  21  2:04  Refinery  
  21  2:12  SCV  
  22  2:17  Command Center  
  22  2:24  SCV  
  22  2:27  Factory Tech Lab  
  23  2:33  Supply Depot  
  23  2:35  Marine  
  23  2:36  SCV  
  25  2:38  Marine  
  26  2:48  SCV  
  26  2:50  Siege Tank  
  30  2:55  Marine  
  30  2:56  Marine  
  32  3:01  SCV  
  33  3:07  Engineering Bay  
  32  3:13  Marine  
  32  3:14  SCV, Marine  
  35  3:26  Cyclone  
  38  3:32  Orbital Command  
  38  3:39  Marine  
  38  3:41  Missile Turret  
  39  3:42  Marine  
  39  3:48  SCV  
  41  3:57  Marine  
  41  4:00  Marine  
  44  4:04  Cyclone  
  46  4:10  Starport  
  46  4:13  SCV  
  46  4:15  Marine  
  48  4:18  Marine  
  44  4:32  SCV  
  44  4:33  Marine  
  44  4:36  Siege Tank, Marine  
  50  4:41  Missile Turret  
  50  4:45  SCV  
  52  4:50  Viking  
  52  4:51  Marine  
  54  5:04  Supply Depot  
  54  5:06  Orbital Command  
  54  5:20  Viking  
  59  5:21  Siege Tank, Marine x2  
  59  5:24  SCV  
  62  5:31  SCV  
  63  5:36  SCV  
  64  5:43  SCV  
  64  5:48  SCV  
  66  5:50  Viking  
  66  5:54  Refinery  
  66  5:55  SCV  
  69  6:00  SCV  
  69  6:03  Supply Depot  
  70  6:20  Command Center  
  70  6:24  Factory  
  70  6:25  Siege Tank, SCV x2  
  75  6:27  Factory  
  75  6:37  SCV x2  
  77  6:40  Refinery  
  76  6:49  SCV x2  
  76  6:54  Armory x2  
  78  7:02  Supply Depot  
  78  7:06  Viking, SCV x2  
  82  7:10  Factory Tech Lab  
  82  7:18  SCV x2  
  84  7:28  Missile Turret  
  88  7:30  Siege Tank, SCV x2  
  88  7:34  Hellion x2  
  93  7:42  SCV x2  
  95  7:48  Siege Tank  
  98  7:51  Terran Vehicle And Ship Armor Level 1  
  98  7:54  SCV x2  
  98  7:55  Hellion x2  
  103  8:06  SCV x2  
  103  8:11  Supply Depot x2  
  105  8:16  Orbital Command  
  109  8:22  SCV x2, Widow Mine  
  109  8:27  Refinery  
  109  8:29  Refinery  
  109  8:32  Widow Mine  
  111  8:34  SCV x2  
  111  8:35  Siege Tank x2, Supply Depot  
  119  8:41  Terran Ship Weapons Level 1  
  119  8:42  SCV  
  119  8:45  Missile Turret  
  119  8:46  SCV x2  
  122  8:55  Supply Depot, SCV  
  123  9:02  SCV  
  124  9:07  Starport x2  
  124  9:14  Missile Turret  
  124  9:15  SCV, Fusion Core  
  124  9:16  Missile Turret  
  125  9:17  Missile Turret  
  125  9:21  Widow Mine x2  
  125  9:22  Siege Tank x2  
  125  9:23  SCV  
  136  9:33  SCV  
  136  9:35  Missile Turret  
  136  9:38  Missile Turret  
  137  9:39  SCV  
  137  9:42  Supply Depot x2  
  137  9:43  Missile Turret  
  137  9:44  Starport Tech Lab x2  
  137  9:45  Starport Tech Lab  
  138  9:47  SCV  
  139  9:56  Drilling Claws  
  149  10:09  SCV  
  150  10:14  Battlecruiser  
  150  10:18  Battlecruiser  
  152  10:32  Supply Depot  
  152  10:35  Command Center  
  152  10:36  Battlecruiser  
  158  10:45  Missile Turret x2  
  158  10:46  Missile Turret  
  158  10:47  Missile Turret x2  
  158  10:49  Missile Turret  
  158  10:53  Supply Depot  
  158  10:54  Supply Depot  
  158  10:55  Supply Depot  
  158  10:57  Supply Depot, Weapon Refit  
  158  11:12  Command Center  
  158  11:17  Barracks  
  157  11:22  Battlecruiser  
  163  11:26  Battlecruiser  
  169  11:40  Battlecruiser  
  175  11:56  SCV  
  175  11:58  Terran Vehicle And Ship Armor Level 2  
  175  11:59  Terran Ship Weapons Level 2  
  176  12:11  Refinery  
  176  12:14  Refinery x2  
  176  12:16  Refinery, Widow Mine x2  
  176  12:17  Widow Mine x2  
  184  12:31  Battlecruiser  
  189  12:45  Widow Mine  
  189  12:55  SCV  
  185  13:01  Battlecruiser x2  
  196  13:06  SCV x2  
  196  13:08  SCV  
  176  13:18  SCV  
  177  13:21  SCV  
  177  13:24  Command Center  
  177  13:25  Widow Mine x3  
  184  13:38  Battlecruiser  
  190  13:46  Planetary Fortress  
  190  14:04  Planetary Fortress  
  190  14:07  SCV x2  
  192  14:17  Missile Turret x2  
  192  14:20  SCV  
  193  14:26  Battlecruiser  
  194  14:32  Battlecruiser  
  197  15:01  SCV x2  
  199  15:17  Refinery  
  199  15:30  Factory x3  
  199  15:35  Refinery  
  199  15:41  Starport  
  199  15:44  Command Center  
  199  15:50  Terran Ship Weapons Level 3, Terran Vehicle And Ship Armor Level 3  
  199  15:53  SCV  
  199  15:57  Starport  
  180  16:24  Siege Tank, Widow Mine x5  
  193  16:26  SCV  
  193  16:32  Battlecruiser  
  200  16:35  Refinery  
  200  16:44  Supply Depot  
  200  16:45  Supply Depot  
  200  16:46  Supply Depot  
  200  16:47  Supply Depot x2  
  200  16:51  Planetary Fortress  
  200  16:59  Starport Reactor, Starport Tech Lab  
  200  17:02  Factory Reactor  
  200  17:07  Refinery  
  200  17:28  Factory Tech Lab x2  
  200  17:30  Command Center  
  198  17:41  SCV  
  193  18:20  Widow Mine x2  
  193  18:21  Widow Mine  
  197  18:42  Widow Mine  
  197  18:47  SCV  
  191  19:02  Hellion, Widow Mine x5  
  182  19:04  SCV x2  
  186  19:29  SCV  
  187  19:32  Battlecruiser x2  
  187  19:34  SCV  
  187  19:38  SCV  
  195  19:44  Widow Mine x4  
  197  19:46  SCV  
  198  19:53  SCV  
  198  19:59  SCV  
  200  20:17  Missile Turret  
  200  20:20  Missile Turret  
  200  20:24  Missile Turret  
  200  20:25  Missile Turret  
  200  20:39  Terran Vehicle Weapons Level 1  
  200  20:41  Missile Turret  
  197  21:25  Missile Turret  
  197  21:27  Missile Turret  
  197  21:36  Missile Turret  
  161  22:23  Siege Tank x2, Widow Mine  
  161  22:24  Viking x4, Hellion  
  161  22:25  Viking  
  161  22:28  Viking  
  183  22:31  SCV  
  183  22:34  Widow Mine x2  
  183  22:54  Viking  
  183  22:57  Viking  
  183  22:58  Viking x3  
  191  23:02  SCV  
  188  23:09  Barracks Tech Lab  
  186  23:20  Viking  
  186  23:22  SCV  
  186  23:24  Viking, Thor  
  176  23:54  SCV  
  137  24:07  Raven  
  137  24:08  Viking x2, Battlecruiser x3  
  137  24:09  SCV, Widow Mine x3  
  150  24:10  Thor x3  
  150  24:11  SCV  
  169  24:34  SCV  
  170  24:38  Viking x2  
  170  24:44  Widow Mine x4  
  182  24:48  Thor  
  188  24:53  Thor  
  188  24:55  SCV  
  195  25:05  Viking  
  195  25:16  Viking x2  
  195  25:18  SCV  
  200  25:30  Refinery  
  200  25:31  Planetary Fortress  
  200  25:33  SCV  
  199  25:53  SCV  
  198  26:16  Viking  
  200  26:25  Missile Turret  
  200  26:32  SCV  
  199  26:40  SCV  
  187  27:17  SCV  
  178  27:24  Viking x2  
  178  27:27  Battlecruiser x2  
  189  27:44  SCV  
  189  27:45  Viking x2  
  195  27:51  SCV  
  195  27:54  Viking x2  
  196  28:00  SCV  
  179  28:20  Viking x2  
  179  28:21  SCV  
  184  28:28  SCV  
  184  28:33  Viking x2  
  184  28:34  Terran Vehicle Weapons Level 2  
  189  28:52  Missile Turret  
  189  28:53  SCV  
  189  28:55  SCV  
  191  28:56  Missile Turret  
  191  29:01  Viking x2  
  191  29:02  Viking  
  197  29:06  SCV  
  197  29:09  SCV  
  185  29:23  SCV  
  178  29:24  Viking  
  178  29:25  Viking x2, Thor x2  
  178  29:26  Widow Mine x2  
  178  29:28  SCV x2  
  200  30:08  Command Center  
  200  30:17  Missile Turret  
  200  30:18  Missile Turret  
  194  30:58  SCV  
  183  31:07  Battlecruiser x2  
  183  31:08  Widow Mine x2  
  195  31:26  SCV  
Show
View Real Time Build Order
Export as new Build Order

llllllllllll Protoss 

Build Orders: Oracle Opening 

Get SALT Encoding   

  12  0:01  Probe (Chrono Boost)  
  13  0:11  Probe (Chrono Boost)  
  14  0:17  Pylon  
  14  0:22  Probe (Chrono Boost)  
  15  0:35  Probe (Chrono Boost)  
  16  0:40  Gateway  
  16  0:45  Assimilator  
  16  0:48  Probe (Chrono Boost)  
  17  0:57  Assimilator  
  17  1:00  Probe (Chrono Boost)  
  18  1:06  Pylon  
  18  1:11  Probe (Chrono Boost)  
  19  1:23  Probe (Chrono Boost)  
  20  1:30  Cybernetics Core  
  20  1:34  Probe (Chrono Boost)  
  21  1:44  Probe (Chrono Boost)  
  22  1:55  Probe (Chrono Boost)  
  23  2:07  Adept (Chrono Boost)  
  25  2:10  Mothership Core  
  25  2:11  Stargate  
  27  2:21  Pylon  
  27  2:23  Warp Gate  
  27  2:32  Probe  
  27  2:33  Adept (Chrono Boost)  
  30  2:44  Probe  
  31  2:57  Probe  
  32  2:58  Oracle (Chrono Boost)  
  35  3:12  Nexus  
  35  3:19  Gateway  
  35  3:30  Oracle (Chrono Boost)  
  38  3:47  Probe  
  39  3:51  Gateway  
  39  3:53  Robotics Facility  
  39  4:03  Pylon  
  39  4:21  Probe, Oracle (Chrono Boost)  
  43  4:29  Probe  
  41  4:33  Probe  
  42  4:43  Probe, Immortal  
  47  4:45  Probe  
  47  4:48  Pylon  
  48  4:53  Probe  
  48  4:58  Probe  
  48  4:59  Assimilator  
  50  5:02  Oracle (Chrono Boost)  
  53  5:16  Stalker x2  
  53  5:18  Zealot  
  59  5:27  Probe x2  
  59  5:28  Pylon  
  60  5:34  Phoenix (Chrono Boost)  
  63  5:40  Probe  
  63  5:42  Probe  
  65  5:49  Twilight Council  
  65  6:06  Probe  
  65  6:07  Probe  
  67  6:15  Robotics Bay  
  67  6:19  Probe, Nexus  
  67  6:20  Probe  
  67  6:21  Pylon  
  67  6:24  Sentry  
  71  6:29  Assimilator, Sentry  
  73  6:35  Probe  
  73  6:36  Probe  
  75  7:01  Zealot x3  
  75  7:02  Probe  
  75  7:05  Charge  
  86  7:09  Disruptor (Chrono Boost)  
  86  7:12  Probe  
  86  7:13  Robotics Facility  
  86  7:24  Forge  
  86  7:27  Forge  
  86  7:28  Pylon  
  86  7:29  Probe, Pylon  
  86  7:31  Probe  
  88  7:37  Stalker x2  
  92  7:45  Zealot  
  94  7:52  Probe x2  
  94  7:53  Probe  
  97  7:59  Disruptor (Chrono Boost)  
  99  8:13  Protoss Ground Armor Level 1, Protoss Ground Weapons Level 1  
  99  8:16  Probe  
  99  8:17  Probe  
  99  8:18  Probe  
  99  8:19  Immortal (Chrono Boost)  
  106  8:25  Assimilator  
  106  8:27  Pylon, Assimilator  
  106  8:30  Probe  
  106  8:33  Immortal (Chrono Boost)  
  111  8:40  Pylon  
  111  8:42  Pylon  
  111  8:45  Pylon  
  111  8:49  Pylon  
  111  8:51  Zealot x3  
  111  8:53  Probe  
  111  8:54  Probe x2  
  120  9:06  Disruptor (Chrono Boost)  
  120  9:08  Immortal (Chrono Boost)  
  127  9:17  Probe  
  127  9:19  Stargate  
  128  9:27  Nexus  
  128  9:30  Pylon  
  136  9:52  Immortal (Chrono Boost)  
  136  9:53  Immortal (Chrono Boost)  
  136  10:03  Zealot  
  136  10:04  Zealot x2  
  136  10:06  Gateway  
  142  10:08  Gateway  
  142  10:11  Gateway  
  142  10:13  Pylon  
  142  10:14  Pylon  
  142  10:21  Fleet Beacon  
  142  10:29  Templar Archives  
  142  10:38  Assimilator  
  142  10:49  Assimilator  
  142  11:05  Immortal (Chrono Boost)  
  142  11:06  Immortal (Chrono Boost)  
  142  11:07  Carrier (Chrono Boost)  
  142  11:09  Carrier (Chrono Boost)  
  162  11:13  Protoss Air Weapons Level 1  
  168  11:24  Probe x4  
  170  11:36  Probe  
  171  11:40  Nexus  
  171  11:41  Pylon  
  171  11:43  Pylon  
  171  11:46  Assimilator  
  171  11:50  Assimilator  
  171  11:53  Protoss Shields Level 1  
  171  11:56  Protoss Ground Armor Level 2, Immortal (Chrono Boost)  
  171  11:58  Immortal (Chrono Boost)  
  179  12:07  Stalker x2  
  179  12:08  Stalker  
  180  12:31  Nexus  
  180  12:34  Pylon  
  186  12:38  Tempest (Chrono Boost)  
  182  12:52  Tempest (Chrono Boost)  
  181  13:08  Stargate  
  181  13:10  Stargate  
  171  13:18  Tempest (Chrono Boost)  
  177  13:38  Tempest  
  177  13:39  Protoss Air Weapons Level 2 (Chrono Boost)  
  177  13:41  Psionic Storm, High Templar x3  
  182  14:11  Carrier (Chrono Boost)  
  175  14:22  Carrier (Chrono Boost)  
  175  14:24  Graviton Catapult  
  182  14:42  Tempest (Chrono Boost)  
  188  14:47  Stalker  
  188  14:48  Stalker x4  
  198  14:55  Archon  
  190  15:03  Mothership Core (Chrono Boost)  
  192  15:09  Nexus  
  192  15:10  Pylon  
  192  15:12  Probe (Chrono Boost)  
  192  15:13  Probe (Chrono Boost), Pylon  
  195  15:14  Probe (Chrono Boost)  
  195  15:15  Pylon  
  195  15:17  Assimilator  
  195  15:19  Probe (Chrono Boost), Assimilator  
  196  15:21  Probe (Chrono Boost)  
  197  15:30  Pylon  
  179  16:14  Tempest  
  160  16:20  Tempest x3  
  160  16:22  Protoss Air Weapons Level 3 (Chrono Boost)  
  178  16:47  Zealot  
  178  16:48  Zealot x5  
  178  16:50  Assimilator  
  178  16:52  Tempest, Assimilator  
  190  16:58  Mothership Core  
  198  17:02  Nexus  
  198  17:05  Pylon, Blink  
  188  17:44  Zealot x2  
  188  17:45  Zealot x4  
  196  18:17  Protoss Shields Level 2 (Chrono Boost)  
  193  18:23  Cybernetics Core  
  192  18:32  Stalker x4  
  166  18:58  Tempest  
  142  19:04  Tempest x3  
  142  19:09  Stalker x3  
  172  19:10  Stalker x3  
  163  19:35  Tempest  
  163  19:45  Nexus  
  163  19:46  Tempest  
  168  19:57  High Templar x3  
  168  19:58  High Templar x2  
  168  19:59  Tempest  
  182  20:00  Tempest  
  182  20:05  Protoss Air Armor Level 1  
  188  20:09  Probe x2  
  188  20:10  Probe  
  188  20:11  Probe x3  
  194  20:18  Stargate  
  194  20:19  Observer, Stargate  
  194  20:22  Probe  
  194  20:33  Zealot x3  
  194  20:34  Protoss Shields Level 3 (Chrono Boost)  
  199  20:41  Observer  
  200  20:50  Assimilator  
  200  20:53  Assimilator  
  195  21:42  Tempest  
  187  21:49  Carrier  
  199  22:08  Observer Gravitic Boosters  
  186  22:34  Tempest  
  186  22:40  Tempest  
  196  22:48  Zealot x2  
  200  23:20  Nexus  
  200  23:24  Assimilator  
  200  23:26  Assimilator  
  200  23:28  Pylon  
  200  23:32  Pylon  
  200  23:33  Pylon  
  200  23:35  Pylon  
  200  23:38  Stargate  
  200  23:39  Stargate, Pylon  
  200  23:40  Stargate  
  200  23:43  Pylon  
  134  24:04  Tempest, Protoss Air Armor Level 2  
  134  24:08  Protoss Ground Armor Level 3 (Chrono Boost)  
  134  24:09  Tempest  
  116  24:10  Tempest x2  
  134  24:18  High Templar x5  
  138  24:34  Observer (Chrono Boost)  
  139  24:41  Tempest  
  139  24:47  Tempest  
  139  24:48  Carrier x4  
  139  24:52  Carrier x2  
  173  24:53  Observer (Chrono Boost), Photon Cannon  
  186  25:03  Mothership Core  
  188  25:20  Zealot x2  
  192  25:23  Probe x2  
  192  25:24  Probe  
  192  25:25  Probe x2  
  192  25:26  Probe  
  191  25:50  Zealot x2  
  195  25:57  Stalker  
  195  25:58  Stalker  
  197  26:24  Protoss Air Armor Level 3  
  191  26:35  High Templar x6  
  191  26:39  Archon  
  195  26:40  Archon x2  
  182  26:58  Tempest  
  178  27:03  Tempest  
  178  27:04  Tempest  
  184  27:26  Photon Cannon  
  184  27:27  Photon Cannon x2  
  184  27:29  Photon Cannon x2  
  184  27:40  Carrier x2  
  184  27:43  Zealot  
  184  27:44  Zealot x5  
  180  27:50  Carrier  
  188  28:17  High Templar x6  
  184  28:21  Archon x2  
  184  28:22  Archon  
  184  28:25  Void Ray  
  188  28:31  Probe x3  
  188  28:33  Probe x3  
  192  28:42  Probe x3  
  192  28:45  Probe x3  
  190  28:52  Probe x2  
  183  29:04  Carrier  
  134  29:41  Carrier  
  138  30:07  Nexus x2  
  138  30:10  Zealot x6  
  150  30:17  Tempest  
  156  30:31  Pylon  
  156  30:32  Assimilator  
  156  30:37  Assimilator  
  156  30:41  Pylon  
  76  31:29  Tempest  
Tags
 
Composition
Mech
Matchup
PvT
Spawn Locations
Cross Positions
Add a new tag
Caveats
  • Supply blocks, unpowered buildings, or Contaminate may cause inaccurate times.
  • Supply counts are checked every 10 seconds.